 Dungeon Crawl Stone Soup version 0.25-a0-949-gdd2af9e06e (webtiles) character file.

Game seed: 2527911613561126763, levelgen mode: deterministic

35314 Flugslaktarn the Severer (level 13, -15/178 HPs)
             Began as a Minotaur Berserker on May 8, 2020.
             Was a High Priest of Trog.
             Killed from afar by a rime drake (17 damage)
             ... with a flash freeze
             ... on level 4 of the Lair of Beasts.
             The game lasted 00:09:59 (17605 turns).

Flugslaktarn the Severer (Minotaur Berserker)      Turns: 17605, Time: 00:09:59

Health: -15/178    AC: 19    Str: 26    XL:     13   Next: 46%
Magic:  13/13      EV: 13    Int:  6    God:    Trog [*****.]
Gold:   331        SH:  0    Dex: 12    Spells: 12/12 levels left

rFire    . . .     SeeInvis .   E - +5 broad axe
rCold    . . .     Gourm    .   (no shield)
rNeg     . . .     Faith    .   b - +0 plate armour
rPois    +         Spirit   .   (helmet restricted)
rElec    .         Reflect  .   g - +1 cloak
rCorr    .         Harm     .   (no gloves)
MR       ++...                  I - +0 pair of boots
Stlth    ..........             z - amulet of the acrobat
HPRegen  1.39/turn              o - ring of poison resistance
MPRegen  0.13/turn              L - +3 ring of strength

@: berserking, regenerating, very quick
A: retaliatory headbutt, horns 2
a: Berserk, Trog's Hand, Brothers in Arms, Renounce Religion


You were on level 4 of the Lair of Beasts.
You worshipped Trog.
Trog was extremely pleased with you.
You were very hungry.

You visited 2 branches of the dungeon, and saw 16 of its levels.

You collected 856 gold pieces.
You spent 525 gold pieces at shops.

Inventory:

Hand Weapons
 E - a +5 broad axe (weapon)
   (Trog gifted it to you on level 10 of the Dungeon)
 J - a +0 battleaxe of freezing
   (You took it off an orc knight on level 11 of the Dungeon)
Missiles
 k - 2 throwing nets (quivered)
Armour
 b - a +0 plate armour (worn)
   (You found it on level 3 of the Dungeon)
 g - a +1 cloak (worn)
   (You found it on level 1 of the Dungeon)
 I - a +0 pair of boots (worn)
   (You found it on level 11 of the Dungeon)
Jewellery
 o - a ring of poison resistance (left hand)
   (You found it on level 5 of the Dungeon)
 z - an amulet of the acrobat (around neck)
   (You took it off an orc on level 11 of the Dungeon)
 D - a +4 amulet of reflection
   (You found it on level 2 of the Dungeon)
 L - a +3 ring of strength (right hand)
   (You found it on level 2 of the Lair of Beasts)
Wands
 j - a wand of paralysis (10)
   (You found it on level 3 of the Lair of Beasts)
 u - a wand of enslavement (6)
   (You found it on level 3 of the Lair of Beasts)
 A - a wand of acid (20)
   (You found it on level 6 of the Dungeon)
 C - a wand of scattershot (5)
   (You took it off an orc wizard on level 10 of the Dungeon)
 G - a wand of iceblast (19)
   (You found it on level 9 of the Dungeon)
Scrolls
 f - 4 scrolls of immolation
 h - a scroll of holy word
 l - 2 scrolls of enchant weapon
 r - 4 scrolls of identify
 t - 3 scrolls of teleportation
 x - 5 scrolls of remove curse
 B - 3 scrolls of fog
 H - 2 scrolls of fear
Potions
 a - 2 potions of haste
 c - 3 potions of flight
 d - 2 potions of might
 i - a potion of magic {unknown}
 m - 4 potions of invisibility
 n - a potion of resistance
 p - a potion of ambrosia
 q - 6 potions of curing
 s - 3 potions of lignification
 v - 2 potions of mutation {unknown}
 w - a potion of heal wounds
 y - a potion of cancellation {unknown}
 F - a potion of berserk rage {unknown}
Comestibles
 e - 25 rations


   Skills:
 + Level 12.7 Fighting
 * Level 16.8 Axes
 + Level 12.4 Armour
 + Level 11.6 Dodging
 + Level 2.0 Evocations


You had 12 spell levels left.
You didn't know any spells.
Your spell library was empty.

Dungeon Overview and Level Annotations

Branches:
Dungeon (12/15)            Temple (0/1) D:6            Lair (4/6) D:10
  Snake (0/4) Lair:4          Orc (0/2) D:10
  Swamp: Lair:2-4    Shoals: Lair:2-4

Altars:
Cheibriados
Fedhas
Gozag
Makhleb
Nemelex Xobeh
Ru
Trog
Yredelemnul

Shops:
D:11 !*((*

Annotations:
D:4 3 runed translucent doors, Zorot's ghost, novice DEVM
D:11 exclusion: fire dragon
Lair:1 2 transporters, Ziuclaem's ghost, journeyman OpAs
Lair:3 exclusion: oklob plant


Innate Abilities, Weirdness & Mutations

You reflexively headbutt those who attack you in melee.
You have a pair of horns on your head.


Message History

The rime drake bites you but does no damage.
You slash the basilisk!
The basilisk is moderately wounded.
You barely miss the wyvern. You barely miss the rime drake.
The wyvern bites you!
* * * LOW HITPOINT WARNING * * *
The basilisk gazes at you. You resist with almost no effort.
You slash the basilisk!
The basilisk is severely wounded.
You slash the wyvern!
You kill the wyvern!
Trog accepts your kill.
You slash the rime drake! The ice encasing you melts away.
The basilisk gazes at you. You resist with almost no effort.
The rime drake breathes ice at you. The flash freeze hits you!
You die...

..PP...# ####......#
#.#......P# ##..%....#
#........###..
+......>.... #...ll..+.P
#!.Hl†kH# ##.##@#$# ##
#.# # ##.## .# ###...###
.. ###.##.+#.## ..
#.......<..## ##.#
#.../.......# ###.+#
##.....(.....# ###.....
#...........#####.'.....


You could see 2 hippogriffs, 3 basilisks and a rime drake.

Vanquished Creatures
  Fannar (Lair:2)
  Erolcha (D:9)
  4 two-headed ogres
  Sonja (D:10)
  An unseen horror (D:10)
  Pikel (D:6)
  An orc knight (D:11)
  A deep elf mage (D:10)
  2 ugly things
  A cyclops (D:10)
  4 manticores
  A torpor snail (Lair:4)
  3 black mambas
  2 gargoyles
  5 spiny frogs
  2 rime drakes (Lair:4)
  8 komodo dragons
  A merfolk (D:11)
  A troll (D:9)
  A hornet (D:8)
  A polar bear (Lair:2)
  4 blink frogs (Lair:4)
  4 dream sheep (Lair:4)
  17 hippogriffs
  A spriggan (Lair:2)
  A vampire (D:11)
  5 wraiths
  18 yaks
  6 wyverns (Lair:4)
  4 basilisks
  A golden eye (shapeshifter) (D:11)
  A vampire mosquito (D:11)
  Menkaure (D:6)
  9 porcupines
  13 water moccasins
  13 orc warriors
  3 slaves (D:6)
  2 ice beasts
  A black bear (Lair:2)
  4 sky beasts
  2 phantoms
  9 ogres
  4 centaurs
  15 wolves
  5 crocodiles
  Blork the orc (D:6)
  2 big kobolds
  9 bullfrogs
  3 scorpions
  6 killer bees
  4 wights
  An electric eel (Lair:1)
  6 crimson imps
  A howler monkey (D:5)
  A quasit (D:10)
  A bullfrog skeleton (D:9)
  6 hounds
  7 orc priests
  2 jellies
  2 iguanas
  14 orc wizards
  7 worker ants
  A hound skeleton (D:5)
  2 worker ant zombies
  11 gnolls
  8 adders
  3 shadow imps
  An adder zombie (D:10)
  2 worms
  2 dart slugs
  6 leopard geckos
  59 orcs
  3 giant cockroaches
  9 goblins
  6 hobgoblins
  10 jackals
  16 kobolds
  2 quokkas
  A ball python (D:1)
  6 bats
  9 frilled lizards
  A quokka skeleton (D:6)
  10 rats
  2 plants
429 creatures vanquished.

Vanquished Creatures (others)
  A centaur (D:5)
  A bullfrog (D:6)
  3 fungi
5 creatures vanquished.

Grand Total: 434 creatures vanquished

Notes
Turn   | Place    | Note
-------+----------+-------------------------------------------
     0 | D:1      | Flugslaktarn the Minotaur Berserker began the quest for the
                  | Orb.
     0 | D:1      | Reached XP level 1. HP: 19/19 MP: 0/0
   177 | D:1      | Reached XP level 2. HP: 27/27 MP: 1/1
   181 | D:1      | Reached skill level 4 in Axes
   785 | D:1      | Reached XP level 3. HP: 33/33 MP: 2/2
   973 | D:2      | Reached ** piety under Trog
  1370 | D:2      | Noticed an ogre
  1378 | D:2      | Killed an ogre
  1378 | D:2      | Reached skill level 5 in Axes
  1378 | D:2      | Reached XP level 4. HP: 41/41 MP: 3/3
  1378 | D:2      | Reached XP level 5. HP: 47/47 MP: 4/4
  1401 | D:2      | Noticed a moth of wrath
  1404 | D:2      | Found a bloodstained altar of Trog.
  1854 | D:3      | Reached *** piety under Trog
  2576 | D:3      | Found an opulent altar of Gozag.
  2576 | D:3      | Found a burning altar of Makhleb.
  2712 | D:4      | Noticed a phantom
  2737 | D:4      | Killed a phantom
  2737 | D:4      | Reached skill level 5 in Fighting
  2737 | D:4      | Reached skill level 6 in Axes
  2737 | D:4      | Reached XP level 6. HP: 56/56 MP: 5/5
  3301 | D:4      | Noticed Zorot's ghost (novice DEVM)
  3411 | D:4      | Found a runed translucent gate.
  3411 | D:4      | Found a runed translucent gate.
  3412 | D:4      | Found a runed translucent gate.
  3418 | D:4      | Found a basalt altar of Yredelemnul.
  3418 | D:4      | Found a sparkling altar of Nemelex Xobeh.
  3632 | D:5      | Entered Level 5 of the Dungeon
  3709 | D:5      | Reached XP level 7. HP: 61/61 MP: 6/6
  3734 | D:5      | Found a snail-covered altar of Cheibriados.
  3763 | D:5      | Reached skill level 7 in Axes
  3763 | D:5      | Reached skill level 5 in Armour
  4122 | D:5      | Reached skill level 5 in Dodging
  4122 | D:5      | Reached XP level 8. HP: 45/70 MP: 7/7
  4615 | D:6      | Found a staircase to the Ecumenical Temple.
  4617 | D:6      | Reached skill level 8 in Axes
  4707 | D:6      | Noticed Pikel
  4722 | D:6      | Killed Pikel
  4722 | D:6      | Reached skill level 9 in Axes
  4818 | D:6      | Found an opulent altar of Gozag.
  4858 | D:6      | Noticed Menkaure
  4858 | D:6      | Noticed Blork the orc
  4866 | D:6      | Killed Menkaure
  4870 | D:6      | Killed Blork the orc
  5269 | D:6      | Reached **** piety under Trog
  5541 | D:7      | Reached XP level 9. HP: 79/79 MP: 8/8
  5963 | D:7      | Reached skill level 10 in Axes
  6766 | D:8      | Noticed a two-headed ogre
  6782 | D:8      | Killed a two-headed ogre
  6985 | D:8      | Paralysed by a hornet for 2 turns
  6992 | D:8      | Reached skill level 11 in Axes
  6996 | D:8      | Reached ***** piety under Trog
  6996 | D:8      | Reached XP level 10. HP: 90/90 MP: 9/9
  7155 | D:8      | Noticed a two-headed ogre
  7159 | D:8      | Killed a two-headed ogre
  7556 | D:8      | Found a sacrificial altar of Ru.
  7793 | D:9      | Reached skill level 12 in Axes
  8572 | D:9      | Noticed Erolcha
  8582 | D:9      | Killed Erolcha
  8582 | D:9      | Reached XP level 11. HP: 67/99 MP: 10/10
  8859 | D:10     | Entered Level 10 of the Dungeon
  8917 | D:10     | Reached skill level 13 in Axes
  9073 | D:10     | Found a staircase to the Lair.
  9085 | D:10     | Reached skill level 10 in Fighting
  9285 | D:10     | Noticed Sonja
  9289 | D:10     | Killed Sonja
  9493 | D:10     | Reached skill level 10 in Armour
  9736 | D:10     | Noticed a purple ugly thing
  9748 | D:10     | Killed a purple ugly thing
  9932 | D:10     | Noticed a deep elf mage
  9936 | D:10     | Received a gift from Trog
  9938 | D:10     | Killed a deep elf mage
  9980 | D:10     | Killed an unseen horror
  9980 | D:10     | Reached skill level 14 in Axes
 10478 | D:10     | Noticed a two-headed ogre
 10488 | D:10     | Killed a two-headed ogre
 10591 | D:10     | Found a staircase to the Orcish Mines.
 11016 | D:11     | Found Uwuaguza's General Store.
 11103 | D:11     | Found Beiromih's Antique Weapon Emporium.
 11119 | D:11     | Noticed an orc knight
 11134 | D:11     | Killed an orc knight
 11134 | D:11     | Reached skill level 10 in Dodging
 11138 | D:11     | Reached XP level 12. HP: 43/110 MP: 11/11
 11474 | D:11     | Identified the cursed +1 robe of Trumpets {rN+}
 12040 | D:11     | Noticed a fire dragon
 12072 | D:11     | Found Miqirokh's Distillery.
 12079 | D:11     | Bought a potion of heal wounds for 75 gold pieces
 12079 | D:11     | Bought a potion of heal wounds for 75 gold pieces
 12079 | D:11     | Bought a potion of heal wounds for 75 gold pieces
 12079 | D:11     | Bought a potion of haste for 150 gold pieces
 12079 | D:11     | Bought a potion of resistance for 150 gold pieces
 12313 | D:11     | Found Benox's Weapon Boutique.
 12322 | D:11     | Identified the +8 hand axe of Instinct {pain, rElec Int+3
                  | Stlth+}
 12363 | D:11     | HP: 2/110 [something (5)]
 12689 | D:11     | Found Ecrifaets's General Store.
 12707 | D:11     | Noticed a two-headed ogre
 12717 | D:11     | Killed a two-headed ogre
 12717 | D:11     | Reached skill level 15 in Axes
 13713 | Lair:1   | Entered Level 1 of the Lair of Beasts
 13791 | Lair:1   | Received a gift from Trog
 13959 | Lair:1   | Noticed a six-headed hydra
 14026 | Lair:1   | Identified the +12 spear of Equilibrium {distort, Str+3}
 14373 | Lair:1   | Noticed Ziuclaem's ghost (journeyman OpAs)
 14374 | Lair:1   | Identified the +9 trident "Zoefeef" {antimagic, Int+2
                  | Stlth+}
 14381 | Lair:1   | Found a transporter.
 14545 | Lair:1   | Found a transporter.
 15103 | Lair:2   | Noticed Fannar
 15120 | Lair:2   | Killed Fannar
 15703 | Lair:2   | Reached skill level 16 in Axes
 16176 | Lair:3   | Reached XP level 13. HP: 118/118 MP: 12/12
 16792 | Lair:3   | Found a blossoming altar of Fedhas.
 17347 | Lair:4   | Reached skill level 1 in Evocations
 17534 | Lair:4   | Found a staircase to the Snake Pit.
 17604 | Lair:4   | HP: 1/178 [wyvern (13)]
 17605 | Lair:4   | Killed from afar by a rime drake

Levels and vault maps discovered:
D:1:      lemuel_arrival_broad_hall, layout_loops_ring
D:2:      layout_loops_cross, tgw_trog
D:3:      layout_basic, gammafunk_temple_overflow_wave,
          small_statue_intersection
D:4:      layout_basic, gammafunk_temple_overflow_pools, gammafunk_ghost_split
D:5:      layout_loops_cross, lemuel_round_altar, first_ration,
          kennysheep_doodads, nicolae_sextant
D:6:      layout_gridville, temple_statues, lemuel_tele_altar, uniq_pikel,
          uniq_blork_the_orc, uniq_menkaure
D:7:      layout_cave_pods
D:8:      layout_basic, kennysheep_mini_moat, minivault_10
D:9:      layout_basic, uniq_erolcha
D:10:     minmay_the_grid_octo_2x2 [minmay_the_grid_octo_checkered,
          minmay_the_grid_octo_checkerflower, minmay_the_grid_octo_teeth,
          minmay_the_grid_octo_prize_single_spiral], layout_basic,
          minmay_lair_entry_grove, uniq_sonja
D:11:     dragon1_lemuel, layout_cave_pools, serial_shops, shop,
          nicolae_shop_competitors_out_of_business, kennysheep_mini, shop, shop,
          special_room [special_room_orc], hangedman_fish_farm,
          minmay_pinched_square
D:12:     layout_loops_cross, uniq_urug
Lair:1:   layout_hall_layers, gammafunk_ghost_wrathful_warriors,
          serial_bayou_lake_a, infiniplex_staircase_pool_2, grunt_megastairs_3
Lair:2:   layout_cave_pods, minivault_23, grunt_forest_stairs_clearing,
          uniq_fannar
Lair:3:   layout_roguey, tgw_fedhas
Lair:4:   layout_roguey [special_room_mythical_zoo],
          minmay_swamp_entry_reptiles, dummy_snake_entry

Skill      XL: |  1  2  3  4  5  6  7  8  9 10 11 12 13 |
---------------+----------------------------------------+-----
Axes           | 4 5 6 7 9 11 12 14 16 | 16.8
Fighting       | 4 5 6 7 8 9 11 12 | 12.7
Armour         | 3 4 5 6 8 9 10 11 12 | 12.4
Dodging        | 3 4 5 6 7 8 10 11 | 11.6
Evocations     | 2 |  2.0

Action                   |  1- 3 |  4- 6 |  7- 9 | 10-12 | 13-15 || total
-------------------------+-------+-------+-------+-------+-------++-------
Melee: Hand axe          |    79 |   130 |    59 |       |       ||   268
       Headbutt          |    12 |    21 |    40 |   130 |    23 ||   226
       War axe           |       |       |    52 |       |       ||    52
       Battleaxe         |       |       |   108 |   262 |       ||   370
       Broad axe         |       |       |       |   396 |   127 ||   523
Invok: Berserk           |     1 |     1 |     6 |    12 |     1 ||    21
       Trog's Hand       |       |       |       |     1 |     1 ||     2
       Brothers in Arms  |       |       |       |     1 |       ||     1
Evoke: Wand              |       |       |       |     2 |       ||     2
  Use: Scroll            |       |     2 |    13 |    13 |       ||    28
       Potion            |       |       |       |     2 |       ||     2
 Stab: Sleeping          |     1 |     1 |       |       |       ||     2
  Eat: Chunk             |     1 |    10 |    15 |    31 |     6 ||    63
       Ration            |       |       |       |     3 |       ||     3
Armor: Animal skin       |    16 |     4 |       |       |       ||    20
       Plate armour      |       |    29 |   117 |   415 |    79 ||   640
       Scale mail        |       |     9 |       |       |       ||     9
Dodge: Dodged            |    49 |    40 |   111 |   392 |    88 ||   680
Block: Other             |       |    21 |    46 |    89 |       ||   156
       Reflection        |       |       |     5 |     7 |       ||    12

Table legend:
 A = Non-vault XP
 B = Vault XP
 C = Vault XP percentage of total XP
 D = Non-vault monster count
 E = Vault monster count
 F = Vault count percentage of total count
                 A         B        C        D         E       F
            +---------+---------+-------+---------+---------+-------
      Total |   30838 |   19611 |  38.9 |     323 |     102 |  24.0
            +---------+---------+-------+---------+---------+-------
        D:1 |      42 |       0 |   0.0 |      21 |       0 |   0.0
        D:2 |     204 |       5 |   2.4 |      28 |       5 |  15.2
        D:3 |      89 |       0 |   0.0 |      20 |       0 |   0.0
        D:4 |     272 |       0 |   0.0 |       8 |       0 |   0.0
        D:5 |     871 |       0 |   0.0 |      21 |       0 |   0.0
        D:6 |     367 |     942 |  72.0 |      21 |       3 |  12.5
        D:7 |     851 |       0 |   0.0 |      24 |       0 |   0.0
        D:8 |    3350 |       0 |   0.0 |      39 |       0 |   0.0
        D:9 |    3343 |     982 |  22.7 |      31 |       1 |   3.1
       D:10 |    2544 |    6390 |  71.5 |      29 |      27 |  48.2
       D:11 |    2172 |    4671 |  68.3 |       6 |      40 |  87.0
       D:12 |      72 |       0 |   0.0 |       1 |       0 |   0.0
     Lair:1 |    4534 |      93 |   2.0 |      19 |       1 |   5.0
     Lair:2 |    4169 |    1982 |  32.2 |      23 |       7 |  23.3
     Lair:3 |    3845 |       0 |   0.0 |      17 |       0 |   0.0
     Lair:4 |    4113 |    4546 |  52.5 |      15 |      18 |  54.5
            +---------+---------+-------+---------+---------+-------
